 Dungeon Crawl Stone Soup version 0.18.1-47-g9310371 (webtiles) character file.

2342 vonhedlund the Fighter (level 9, 0/86 HPs)
             Began as a Minotaur Gladiator on June 9, 2016.
             Was a Believer of Okawaru.
             Slain by Grum
             ... wielding a +0 spear
              (16 damage)
             ... on level 8 of the Dungeon on June 13, 2016.
             The game lasted 00:45:12 (6089 turns).

vonhedlund the Fighter (Minotaur Gladiator)         Turns: 6089, Time: 00:45:13

Health: 0/86       AC:  6    Str: 23    XL:     9   Next: 20%
Magic:  8/8        EV: 12    Int:  5    God:    Okawaru [**....]
Gold:   373        SH:  0    Dex: 11    Spells: 0 memorised, 8 levels left

rFire  + . .     SeeInvis .     a - +0 war axe
rCold  . . .     Gourm    .     D - +0 ring mail {rF+}
rNeg   . . .     Faith    .     (no shield)
rPois  .         Spirit   .     c - +0 hat
rElec  .         Dismiss  .     (no cloak)
rCorr  .         Reflect  .     (no gloves)
SustAt .         Harm     .     (no boots)
MR     .....                    (no amulet)
Stlth  +.........               (no ring)
                                (no ring)

@: not resistant to hostile enchantments, very unstealthy
A: retaliatory headbutt, horns 2
a: Heroism, Renounce Religion


You were on level 8 of the Dungeon.
You worshipped Okawaru.
Okawaru was pleased with you.
You were hungry.

You visited 2 branches of the dungeon, and saw 9 of its levels.

You collected 373 gold pieces.

Inventory:

Hand Weapons
 a - a +0 war axe (weapon)
 k - a +1 mace of protection
 F - a +0 blowgun
 I - a +1 spear of venom
Missiles
 d - 2 throwing nets (quivered)
 x - 22 arrows
 z - 4 curare-tipped needles
 B - 28 sling bullets
 G - 23 poisoned needles
Armour
 c - a +0 hat (worn)
 D - a +0 ring mail of fire resistance (worn)
 J - a +0 chain mail
Jewellery
 m - an uncursed ring of see invisible {unknown}
 K - a +3 ring of evasion {unknown}
Wands
 L - a wand of heal wounds (6/9)
Scrolls
 e - a scroll of torment {unknown}
 g - 4 scrolls of enchant weapon
 h - 5 scrolls of identify
 n - 2 scrolls of fog {unknown}
 p - a scroll of enchant armour {unknown}
 q - 8 scrolls of remove curse
 r - 3 scrolls of recharging {unknown}
 y - a scroll of fear {unknown}
 C - 2 scrolls of teleportation {unknown}
 E - a scroll of blinking {unknown}
 N - a scroll of magic mapping {unknown}
Potions
 b - a potion of haste {unknown}
 i - a potion of flight {unknown}
 j - 2 potions of mutation {unknown}
 l - 2 potions of agility {unknown}
 t - 6 potions of curing
 u - a potion of cure mutation {unknown}
 v - 2 potions of heal wounds {unknown}
 H - a potion of magic {unknown}
Books
 M - the Tome of Lucky Changing
   (You found it on level 4 of the Dungeon)

   Spells                             Type                      Level
   a - Spider Form                    Transmutation/Poison         3
   b - Ice Form                       Ice/Transmutation            4
   c - Hydra Form                     Transmutation                6
   d - Ring of Flames                 Charms/Fire                  7
Comestibles
 f - 5 bread rations
 o - 2 chunks of flesh
 w - 7 meat rations
 A - 6 fruits


   Skills:
 - Level 10.4 Fighting
 - Level 8.2 Axes
 - Level 2.0 Throwing
 + Level 7.6 Armour
 - Level 3.2 Dodging


You had 8 spell levels left.
You didn't know any spells.

Dungeon Overview and Level Annotations

Branches:
Dungeon (8/15)             Temple (1/1) D:5
   Lair: D:8-11

Altars:
Ashenzari
Cheibriados
Dithmenos
Elyvilon
Fedhas
Kikubaaqudgha
Makhleb
Nemelex Xobeh
Okawaru
Pakellas
Ru
Sif Muna
Trog
Vehumet
Xom
Yredelemnul
Zin
The Shining One

Annotations:
D:3 ThereIsNoGod's ghost, amateur GrFi
D:8 Grum; Pikel


Innate Abilities, Weirdness & Mutations

You reflexively headbutt those who attack you in melee.
You have a pair of horns on your head.


Message History

You headbutt the wolf, but do no damage.
The wolf stops to sniff the ground.
The wolf barely misses you. The wolf bites you.
Grum points his finger and grunts, "Attack!"
The wolf bites you!
* * * LOW HITPOINT WARNING * * *
Grum points his finger and shouts, "Cujo!
Sic 'em!"
The wolf bites you.
* * * LOW HITPOINT WARNING * * *
You closely miss the wolf.
The wolf is almost dead.
The wolf barely misses you. Grum hits you from afar with a spear.
* * * LOW HITPOINT WARNING * * *
The wolf bites you but does no damage.
You slash the wolf!
You kill the wolf!
Okawaru accepts your kill. Grum hits you from afar with a spear!
You die...

#############
#....g.@....#
#.#########.#
######## #.#
####.#####.....((
#.#
#..........######
#.#
#.##.##..........
#.#
.........#........
#.#
#$##.##....#...#####
#.# # # #.###<...#
#.# #.## ##.#.#####


You could see Grum.

Vanquished Creatures
  Joseph (D:8)
  A hungry ghost (D:7)
  A black bear (D:8)
  A phantom (D:4)
  A necrophage (D:7)
  A wolf (D:8)
  3 ogres
  3 giant frogs
  A water moccasin zombie (D:5)
  2 scorpions
  2 howler monkeys (D:4)
  2 crimson imps
  4 hounds
  A quasit (D:7)
  2 centaur zombies
  2 jellies (D:7)
  2 orc priests (D:4)
  A centaur skeleton (D:7)
  Jessica (D:2)
  An iguana (D:5)
  2 worker ants
  An orc wizard (D:4)
  A hound zombie (D:3)
  2 hound skeletons (D:5)
  Robin (D:2)
  8 gnolls
  4 adders
  2 oozes
  4 worms
  3 dart slugs
  6 giant geckos
  17 orcs
  8 giant cockroaches
  12 goblins
  15 hobgoblins
  10 jackals
  3 quokkas (D:5)
  A ball python (D:1)
  5 bats
  A giant cockroach zombie (D:5)
  2 giant gecko zombies (D:5)
  6 giant newts
  2 jackal skeletons
  13 kobolds
  A quokka skeleton (D:4)
  9 rats
172 creatures vanquished.

Vanquished Creatures (others)
  A plant (D:4)
1 creature vanquished.

Grand Total: 173 creatures vanquished

Notes
Turn   | Place    | Note
--------------------------------------------------------------
     0 | D:1      | vonhedlund the Minotaur Gladiator began the quest for the Orb.
     0 | D:1      | Reached XP level 1. HP: 18/18 MP: 0/0
   428 | D:1      | Reached XP level 2. HP: 20/25 MP: 1/1
   866 | D:2      | Reached skill level 5 in Axes
   880 | D:2      | Noticed Jessica
   913 | D:2      | Reached XP level 3. HP: 9/30 MP: 2/2
  1248 | D:2      | Reached XP level 4. HP: 35/37 MP: 3/3
  1398 | D:2      | Found a shimmering altar of Xom.
  1400 | D:2      | Killed Jessica
  1460 | D:2      | Noticed Robin
  1466 | D:2      | Killed Robin
  1649 | D:2      | Found a blossoming altar of Fedhas.
  1842 | D:2      | Reached XP level 5. HP: 37/42 MP: 4/4
  1885 | D:3      | Noticed ThereIsNoGod's ghost (amateur GrFi)
  2074 | D:3      | You fall through a shaft for 2 floors!
  2074 | D:5      | Entered Level 5 of the Dungeon
  2703 | D:4      | Found a glowing silver altar of Zin.
  2703 | D:4      | Found a shadowy altar of Dithmenos.
  2728 | D:4      | Reached XP level 6. HP: 43/50 MP: 5/5
  2867 | D:4      | Reached skill level 1 in Armour
  3660 | D:4      | Reached XP level 7. HP: 55/56 MP: 6/6
  3691 | D:4      | Identified the Tome of Lucky Changing
  3817 | D:5      | Reached skill level 5 in Armour
  4038 | D:5      | Reached skill level 3 in Fighting
  4172 | D:5      | Reached skill level 4 in Fighting
  4178 | D:5      | Found a staircase to the Ecumenical Temple.
  4190 | Temple   | Entered the Ecumenical Temple
  4211 | Temple   | Became a worshipper of Warmaster Okawaru
  4257 | D:5      | Reached skill level 5 in Fighting
  4448 | D:5      | Reached skill level 6 in Fighting
  5011 | D:7      | Reached XP level 8. HP: 68/71 MP: 7/7
  5155 | D:7      | Reached skill level 7 in Fighting
  5256 | D:7      | Reached * piety under Okawaru
  5282 | D:7      | Reached skill level 8 in Fighting
  5511 | D:7      | Reached skill level 9 in Fighting
  5553 | D:8      | Noticed Pikel
  5588 | D:7      | Upgraded the game from 0.18.1-8-gdd0e5ea to 0.18.1-47-g9310371
  5717 | D:8      | Reached skill level 10 in Fighting
  5719 | D:8      | Reached ** piety under Okawaru
  5750 | D:8      | Noticed Joseph
  5989 | D:8      | Killed Joseph
  5989 | D:8      | Reached XP level 9. HP: 73/86 MP: 8/8
  6066 | D:8      | Noticed Grum
  6089 | D:8      | Slain by Grum

Skill      XL: |  1  2  3  4  5  6  7  8 |
---------------+-------------------------+-----
Axes           | 4 5 6 8 |  8.2
Armour         | 4 5 7 |  7.6
Fighting       | 6 10 | 10.4
Throwing       | |  2.0
Dodging        | |  3.2

Action                   |  1- 3 |  4- 6 |  7- 9 || total
-------------------------+-------+-------+-------++-------
Melee: War axe           |    55 |   182 |   186 ||   423
       Headbutt          |     9 |    33 |    43 ||    85
       Spear             |       |       |    10 ||    10
 Fire: Hunting sling     |       |     3 |     3 ||     6
       Blowgun           |       |       |     3 ||     3
Throw: Throwing net      |       |       |     1 ||     1
  Use: Potion            |       |     1 |       ||     1
       Scroll            |       |       |     4 ||     4
 Stab: Held in net/web   |       |       |     1 ||     1
  Eat: Chunk             |     1 |     8 |     7 ||    16
       Pizza             |       |       |     2 ||     2
       Beef jerky        |       |       |     2 ||     2
       Fruit             |       |       |     1 ||     1
Armor: Leather armour    |     9 |       |       ||     9
       Ring mail         |     6 |    35 |     4 ||    45
       Chain mail        |       |    16 |    88 ||   104
Dodge: Dodged            |    31 |    87 |    97 ||   215
